 Dungeon Crawl Stone Soup version 0.17.0-1-g61d176b (webtiles) character file.

70 slinn1992 the Chopper (level 4, 0/42 HPs)
             Began as a Deep Dwarf Berserker on Nov 8, 2015.
             Was a Believer of Trog.
             Slain by a worm (3 damage)
             ... on level 2 of the Dungeon.
             The game lasted 00:11:55 (2955 turns).

slinn1992 the Chopper (Deep Dwarf Berserker)        Turns: 2955, Time: 00:11:55

Health: 0/42       AC:  6    Str: 21    XL:     4   Next: 4%
Magic:  4/4        EV: 12    Int:  8    God:    Trog [**....]
Gold:   135        SH:  0    Dex: 12    Spells: 0 memorised, 3 levels left

rFire  . . .     SeeInvis .     y - +2 dagger (holy)
rCold  . . .     Clarity  .     l - +0 ring mail
rNeg   . . .     SustAt   .     (no shield)
rPois  .         Gourm    .     (no helmet)
rElec  .         Spirit   .     (no cloak)
rCorr  .         Warding  .     B - +0 pair of gloves
rMut   .         Stasis   .     (no boots)
MR     .....                    (no amulet)
Stlth  +.........               (no ring)
                                (no ring)

@: non-regenerating, not resistant to hostile enchantments, very unstealthy
A: damage resistance, recharge devices, sense surroundings 1, slow regeneration
3
a: Device Recharging, Berserk, Trog's Hand, Burn Spellbooks, Renounce Religion


You were on level 2 of the Dungeon.
You worshipped Trog.
Trog was pleased with you.
You were hungry.

You visited 1 branch of the dungeon, and saw 2 of its levels.

You collected 135 gold pieces.

Inventory:

Hand Weapons
 a - a +0 hand axe
 e - a +0 whip
 i - a +0 club
 k - a +0 dagger
 m - a +0 club
 o - a +0 dagger
 q - a +0 hand axe
 t - a +0 club
 v - a +0 hand axe
 x - a +0 club
 y - a +2 dagger of holy wrath (weapon)
 A - a +0 dagger
 C - a +0 hunting sling
 H - a +0 short sword
 I - a +0 mace
Missiles
 g - 31 arrows
 j - 22 sling bullets
 D - 2 needles of sleeping
 G - 8 poisoned needles
Armour
 b - a +0 animal skin
 h - a +0 leather armour
 l - a +0 ring mail (worn)
 n - a +0 ring mail
 p - a +0 leather armour
 r - a +0 robe
 w - a +0 robe
 B - a +0 pair of gloves (worn)
 F - a cursed +0 ring mail
 K - a cursed +0 scale mail
Jewellery
 M - a cursed -3 ring of intelligence {unknown}
Wands
 c - a wand of heal wounds (4)
Scrolls
 f - 3 scrolls of identify {unknown}
 u - a scroll of noise {unknown}
 J - 2 scrolls of remove curse {unknown}
 N - a scroll of immolation {unknown}
Potions
 z - a potion of might
 E - a potion of brilliance {unknown}
 L - 2 potions of heal wounds {unknown}
Comestibles
 d - 2 bread rations
 s - a beef jerky


   Skills:
 + Level 3.0 Fighting
 + Level 0.5 Short Blades
 + Level 3.9 Axes
 + Level 2.7 Armour
 + Level 3.1 Dodging
 + Level 1.3 Stealth


You had 3 spell levels left.
You didn't know any spells.

Dungeon Overview and Level Annotations

Branches:
Dungeon (2/15)

Altars:


Innate Abilities, Weirdness & Mutations

You are resistant to damage.
You can recharge devices by infusing magical energy.
You passively map a small area around you.
You do not regenerate naturally.


Message History

The worm bites you but does no damage.
You hit the worm.
The worm is moderately wounded.
The worm bites you!
* * * LOW HITPOINT WARNING * * *
You hit the worm.
The worm is moderately wounded.
You hit the worm.
The worm is heavily wounded.
The worm barely misses you.
You hit the worm.
The worm is severely wounded.
You hit the worm.
The worm is severely wounded.
The worm bites you but does no damage.
You are feeling hungry.
You hit the worm.
The worm is almost dead.
The worm bites you.
You die...

#.#..(.....>.'.†.......
#.#.........##.........
#.#.........##........#
#.#............#.####.#
#..............#.####.#
###...................#
#............##)#....
####'###.............
#@# #########..##. *
#w#, ,, *#..##. #.. ,,
#..### ,###. ,, ##.#* *
.# , #.. , , # ..# ,
..#* * *


You could see a worm.

Vanquished Creatures
  4 adders (D:2)
  A worm (D:2)
  5 bats
  3 giant cockroaches
  6 goblins (D:1)
  4 hobgoblins
  A quokka (D:2)
  2 giant geckos
  A giant newt (D:1)
  3 kobolds
  6 rats
36 creatures vanquished.

Notes
Turn   | Place    | Note
--------------------------------------------------------------
     0 | D:1      | slinn1992 the Deep Dwarf Berserker began the quest for the Orb.
     0 | D:1      | Reached XP level 1. HP: 20/20 MP: 1/1
   834 | D:1      | Reached XP level 2. HP: 22/27 MP: 2/2
  2081 | D:2      | Reached XP level 3. HP: 31/33 MP: 3/3
  2632 | D:2      | Reached skill level 1 in Stealth
  2802 | D:2      | Reached ** piety under Trog
  2802 | D:2      | Reached XP level 4. HP: 18/42 MP: 4/4
  2955 | D:2      | Slain by a worm

Action                   |  1- 3 |  4- 6 || total
-------------------------+-------+-------++-------
Melee: Hand axe          |    45 |       ||    45
       Dagger            |    85 |    15 ||   100
Evoke: Wand              |     1 |       ||     1
  Use: Potion            |     1 |       ||     1
  Eat: Bread ration      |     1 |       ||     1
       Pizza             |     1 |       ||     1
